 Dungeon Crawl Stone Soup version 0.32-a0-433-g08bcfe7 (webtiles) character file.

Game seed: 1018090891973644547

54 Nithhogg the Chopper (level 3, -1/33 HPs)
             Began as a Mountain Dwarf Fighter on Feb 22, 2024.
             Slain by a gnoll
             ... wielding a +0 flail
              (3 damage)
             ... on level 2 of the Dungeon.
             The game lasted 00:01:52 (1078 turns).

Nithhogg the Chopper (Mountain Dwarf Fighter)       Turns: 1078, Time: 00:01:52

Health: -1/33      AC:  9    Str: 20    XL:     3   Next: 66%
Magic:  3/3        EV:  7    Int:  8    God:
Gold:   78         SH:  4    Dex:  9    Spells: 2/2 levels left

rFire   . . .        a - +0 war axe
rCold   . . .        c - +0 buckler
rNeg    . . .        h - +0 chain mail
rPois   .            (no helmet)
rElec   .            (no cloak)
rCorr   .            (no gloves)
SInv    .            (no boots)
Will    .....        (no amulet) Stlth
                     (no ring)
HPRegen 0.25/turn    (no ring)
MPRegen 0.08/turn

%: no passive effects
@: mighty, brilliant
A: runic magic, artefact enchanting
a: no special abilities


You were on level 2 of the Dungeon.
You visited 1 branch of the dungeon, and saw 2 of its levels.

You collected 78 gold pieces.

Inventory:

Hand Weapons
 a - a +0 war axe (weapon)
Missiles
 e - 3 poisoned darts (quivered)
Armour
 b - a +0 scale mail
 c - a +0 buckler (worn)
 h - a +0 chain mail (worn)
Scrolls
 i - a scroll of identify {unknown}
 k - a scroll of vulnerability {unknown}
Potions
 g - a potion of brilliance
 j - a potion of degeneration {unknown}


   Skills:
 + Level 4.0 Fighting
 * Level 4.3 Axes
 - Level 3.2 Armour
 - Level 3.2 Shields


You had 2 spell levels left.
You didn't know any spells.
Your spell library contained the following spells:

 Spells                   Type           Power      Damage    Failure   Level
 Apportation              Tloc           0%         N/A       65%         1
 Necrotise                Necr           0%         1d4       65%         1
 Sting                    Conj/Alch      0%         1d3       65%         1
 Summon Small Mammal      Summ           0%         N/A       65%         1
 Jinxbite                 Hex            0%         N/A       80%         2
 Alistair's Intoxication  Alch           0%         N/A       100%        5


Dungeon Overview and Level Annotations

Branches:
Dungeon (2/15)

Altars:
Yredelemnul

Annotations:
D:2 Terence


Innate Abilities, Weirdness & Mutations

Your spellcasting is much less encumbered by armour.
You can use scrolls of enchantment on lesser artefacts.


Message History

Terence hits you but does no damage.
You barely miss the gnoll.
The gnoll is moderately wounded.
You barely miss Terence. The gnoll barely misses you.
Terence hits you with a +0 short sword. The gnoll hits you but does no damage.
Terence barely misses you.
You closely miss the gnoll.
The gnoll is lightly wounded.
You hit Terence. The gnoll hits you with a +0 halberd.
Terence hits you but does no damage.
You are too injured to fight recklessly!
You are too injured to fight recklessly!
You are too injured to fight recklessly!
You are too injured to fight recklessly!
You are too injured to fight recklessly!
You are too injured to fight recklessly!
You are too injured to fight recklessly!
You are too injured to fight recklessly!
You feel very mighty all of a sudden. The gnoll hits you with a +0 halberd.
* * * LOW HITPOINT WARNING * * *
Terence hits you but does no damage.
You hit Terence.
Terence is heavily wounded.
You slash the gnoll!
You kill the gnoll!
Terence closely misses you.
Your Fighting skill increases to level 4!
You closely miss the gnoll. You barely miss Terence.
The gnoll hits you with a +0 flail!
* * * LOW HITPOINT WARNING * * *
Terence hits you but does no damage. x2; The gnoll barely misses you.
It was a potion of brilliance.
You feel clever all of a sudden. The gnoll hits you with a +0 flail.
* * * LOW HITPOINT WARNING * * *
Terence hits you but does no damage.
It was a potion of magic.
Magic courses through your body. The gnoll hits you with a +0 flail.
You die...

....###.#.###.#....#
.##.# #.#...#...# .#
.##.......#.....# .#
##..#.....#.....# .# #
..#.....#.._:.##.#####
##.....................#
...#. ................#
...#. ....##....@.....#
.....^ ..$....##@#.####
...##[.....#.# #g#.#
...# #...... .g. . ...#
..... ..... . ...# ....
........# ...#. ...
......... .....
>.......... ...##
............. .....


You could see Terence and 2 gnolls.

Vanquished Creatures
  2 gnolls (D:2)
  An adder (D:2)
  A dart slug (D:1)
  A ball python (D:1)
  3 endoplasms (D:1)
  A giant cockroach (D:2)
  2 goblins (D:1)
  3 hobgoblins
  A quokka (D:2)
  2 bats (D:1)
  2 frilled lizards (D:1)
  A kobold (D:1)
  5 rats (D:1)
25 creatures vanquished.

Notes
Turn   | Place    | Note
-------+----------+-------------------------------------------
     0 | D:1      | Nithhogg the Mountain Dwarf Fighter began the quest for the
                  | Orb.
     0 | D:1      | Reached XP level 1. HP: 19/19 MP: 1/1
   297 | D:1      | Reached XP level 2. HP: 26/26 MP: 2/2
  1031 | D:2      | Found a basalt altar of Yredelemnul.
  1047 | D:2      | Reached XP level 3. HP: 33/33 MP: 3/3
  1063 | D:2      | Noticed Terence
  1078 | D:2      | Slain by a gnoll

Illustrated notes

Levels and vault maps discovered:
D:1:      dpeg_arrival_subterranean_lakeside_camping, layout_loops_corners,
          minivault_14
D:2:      layout_rooms, basic_altar, minmay_misc_feat_room, uniq_terence

Skill      XL: |  1  2  3 |
---------------+----------+-----
Axes           | 3 4 |  4.3
Fighting       | 4 |  4.0
Armour         | |  3.2
Shields        | |  3.2

Action                     || total
---------------------------++-------
  Melee: War axe           ||    74
    Use: Potion            ||     3
 Armour: Scale mail        ||     8
         Chain mail        ||    41
  Dodge: Dodged            ||    45
  Block: Buckler           ||    21

Table legend: (Time is in decaauts)
 A = Elapsed time spent in this place.
 B = Non-inter-level travel time spent in this place.
 C = Inter-level travel time spent in this place.
 D = Time resting spent in this place.
 E = Time spent auto-exploring this place.
 F = Levels seen in this place.
 G = Mean time per level.
                   A        B        C        D        E       F      G
               +--------+--------+--------+--------+--------+-----+--------+
         Total |   1106 |   1075 |     31 |      0 |    855 |   2 |  553.0 |
       Dungeon |   1106 |   1075 |     31 |      0 |    855 |   2 |  553.0 |
               +--------+--------+--------+--------+--------+-----+--------+

Top non-repeatable levels by time:
     D:1: 1003 daAuts
     D:2: 103 daAuts
